 Dungeon Crawl Stone Soup version 0.30.1-1-g62c8e00024 (webtiles) character file.

Game seed: 10894753327373683234

3210 Gorgoleon the Spear-Bearer (level 9, 68/68 HPs)
             Began as a Merfolk Gladiator on July 14, 2023.
             Was a Priest of Okawaru.
             Quit the game on level 8 of the Dungeon.
             The game lasted 00:31:27 (8206 turns).

Gorgoleon the Spear-Bearer (Merfolk Gladiator)      Turns: 8206, Time: 00:31:27

Health: 68/68      AC:  7    Str: 18    XL:     9   Next: 97%
Magic:  10/10      EV: 13    Int:  8    God:    Okawaru [***...]
Gold:   918        SH:  5    Dex: 15    Spells: 8/8 levels left

rFire   . . .        j - +3 spear
rCold   . . .        q - +0 buckler
rNeg    . . .        b - +0 leather armour
rPois   .            c - +0 helmet
rElec   .            (no cloak)
rCorr   .            p - +0 pair of gloves
SInv    +            v - +0 pair of boots
Will    .....        (no amulet)
Stlth   +            (no ring)
HPRegen 0.31/turn    (no ring)
MPRegen 0.12/turn

%: clarity
@: no status effects
A: (nimble swimmer 2), mertail, see invisible, clarity, low MP 1
a: Renounce Religion, Heroism


You were on level 8 of the Dungeon.
You worshipped Okawaru.
Okawaru was most pleased with you.
You visited 1 branch of the dungeon, and saw 8 of its levels.

You collected 981 gold pieces.
You spent 63 gold pieces at shops.

Inventory:

Hand Weapons
 j - a +3 spear (weapon)
Missiles
 e - 6 javelins
 m - 56 stones (quivered)
 C - 3 throwing nets
Armour
 b - a +0 leather armour (worn)
 c - a +0 helmet (worn)
 l - an orb of mayhem
 p - a +0 pair of gloves (worn)
 q - a +0 buckler (worn)
 v - a +0 pair of boots (worn)
Wands
 a - a wand of digging (8)
 d - a wand of mindburst (1)
 f - a wand of polymorph (9)
 w - a wand of flame (20)
Scrolls
 g - 4 scrolls of teleportation
 i - a scroll of butterflies
 k - a scroll of fear
 n - a scroll of poison
 r - 4 scrolls of noise
 s - 2 scrolls of enchant armour
 t - 4 scrolls of identify
 y - a scroll of amnesia
 A - a scroll of magic mapping
 B - a scroll of blinking {unknown}
Potions
 h - a potion of attraction
 o - a potion of degeneration
 u - a potion of cancellation
 x - a potion of brilliance
 z - 2 potions of magic
 D - a potion of heal wounds


   Skills:
 - Level 5.0 Fighting
 - Level 12.0 Polearms
 - Level 3.0 Throwing
 - Level 5.0 Armour
 - Level 5.0 Dodging
 - Level 5.0 Shields
 - Level 3.0 Invocations
 + Level 1.0 Evocations


You had 8 spell levels left.
You didn't know any spells.
Your spell library contained the following spells:

 Spells                   Type           Power      Damage    Failure   Level
 Shock                    Conj/Air       0%         1d3       54%         1
 Blink                    Tloc           0%         N/A       67%         2
 Lesser Beckoning         Tloc           0%         N/A       67%         2
 Momentum Strike          Conj/Tloc      0%         3d8       67%         2
 Gell's Gravitas          Tloc           0%         N/A       88%         3
 Swiftness                Air            0%         N/A       88%         3
 Teleport Other           Tloc           0%         N/A       88%         3
 Volatile Blastmotes      Fire/Tloc      0%         2d10      88%         3
 Airstrike                Air            0%         2d(0-16)  99%         4
 Fulminant Prism          Conj/Hex       0%         3d5       99%         4
 Iskenderun's Mystic Bla  Conj/Tloc      0%         2d3       99%         4
 Manifold Assault         Tloc           0%         N/A       99%         4
 Lee's Rapid Deconstruct  Erth           0%         3d4*      100%        5
 Dispersal                Tloc           0%         N/A       100%        6
 Disjunction              Tloc           0%         N/A       100%        8


Dungeon Overview and Level Annotations

Branches:
Dungeon (8/15)             Temple (0/1) D:4
   Lair: D:8-11

Altars:
Cheibriados
Dithmenos
Elyvilon
Gozag
Nemelex Xobeh
Okawaru
Sif Muna
Uskayaw
Xom
Zin
The Shining One

Shops:
D:1 [


Innate Abilities, Weirdness & Mutations

((You are very nimble when in or above water. (Stealth+, EV+, Speed+++)))
Your lower body shifts to a powerful aquatic tail in water.
You have supernaturally acute eyesight. (SInv)
You possess an exceptional clarity of mind.
Your magical capacity is low. (-10% MP)


Message History

There is a stone staircase leading down here.
Done exploring.
Done exploring.
There is a stone staircase leading down here.
You climb downwards.
Found a scroll labelled XOEKOT ICIUHO.
There is a stone staircase leading up here.
An orc wizard comes into view. It is wielding a +0 dagger.
An orc and an orc priest come into view.
The orc priest is wielding a +0 falchion of electrocution.
Found 5 poisoned darts.
The orc priest shouts!
The orc wizard points at you and mumbles some strange words.
The puff of flame misses you.
An orc comes into view. It is wielding a +0 mace.
An orc wizard comes into view. It is wielding a +0 dagger.
There is a stone staircase leading up here.
Throw: 57 stones
Press: ? - help, Q - select action, (/) - cycle Shift-Dir - straight line, f - orc wizard
Aim: an orc wizard, wielding a +0 dagger and wearing a +0 robe (55% to hit)
You throw a stone.
The stone hits the orc wizard but does no damage.
An orc comes into view. It is wielding a +0 club.
Reach: j) +3 spear
Press: ? - help, Dir - move target, f/p - orc wizard
Aim: an orc wizard, wielding a +0 dagger and wearing a +0 robe (about 34% to evade your +3 spear)
You reach to attack!
The orc shouts!
You puncture the orc wizard!
The orc wizard is heavily wounded.
You hear a shout!
Reach: j) +3 spear
Press: ? - help, Dir - move target, f/p - orc wizard
Aim: an orc wizard, wielding a +0 dagger and wearing a +0 robe (heavily wounded, about 34% to evade your +3 spear)
You reach to attack!
You puncture the orc wizard!
You kill the orc wizard!
Okawaru accepts your kill.
Your Evocations skill increases to level 1!
Unknown command.
Are you sure you want to abandon this character and quit the game? (Confirm with "yes".)

# #.
.########
.......#
###....# #
#..@...#.###
#.#........#
# #)..##.#.#
#o.?...#
(..o######
o..o..#
..o...#
#####.# .o


You could see an orc priest and an orc.

Vanquished Creatures
  Joseph (D:7)
  Grinder (D:5)
  Menkaure (D:7)
  A water moccasin (D:7)
  2 black bears (D:5)
  2 ice beasts
  A sky beast (D:6)
  3 ogres
  A centaur (D:7)
  2 phantoms (D:6)
  3 bullfrogs
  8 wights
  3 howler monkeys
  2 gnoll boudas
  3 hounds
  2 jellies
  3 orc priests
  Crazy Yiuf (D:2)
  An iron imp (D:5)
  Ijyb (D:5)
  Terence (D:2)
  3 sleepcaps
  An iguana (D:7)
  2 orc wizards
  7 adders
  15 gnolls
  2 white imps
  2 ufetubi (D:5)
  A worm (D:5)
  2 dart slugs
  10 orcs
  7 endoplasms
  13 giant cockroaches
  8 goblins
  4 hobgoblins
  4 kobolds
  4 quokkas
  7 ball pythons
  4 bats
  7 frilled lizards
  2 rats (D:3)
148 creatures vanquished.

Notes
Turn   | Place    | Note
-------+----------+-------------------------------------------
     0 | D:1      | Gorgoleon the Merfolk Gladiator began the quest for the
                  | Orb.
     0 | D:1      | Reached XP level 1. HP: 16/16 MP: 1/1
   143 | D:1      | Reached XP level 2. HP: 18/23 MP: 2/2
   578 | D:1      | Found a faded altar of an unknown god.
   843 | D:1      | Found Kocu's Armour Emporium.
   952 | D:2      | Reached XP level 3. HP: 20/28 MP: 3/3
  1048 | D:2      | Reached skill level 5 in Polearms
  1285 | D:1      | Bought a +0 buckler for 63 gold pieces
  1720 | D:2      | Noticed Terence
  1734 | D:2      | Killed Terence
  1735 | D:2      | Reached XP level 4. HP: 34/34 MP: 4/4
  1959 | D:2      | Found a runed translucent door.
  1960 | D:2      | Noticed Crazy Yiuf
  1970 | D:2      | Killed Crazy Yiuf
  1971 | D:2      | Reached skill level 6 in Polearms
  1971 | D:2      | Reached skill level 1 in Armour
  2274 | D:3      | Identified a scroll of acquirement
  2274 | D:3      | Acquired 479 gold pieces
  2374 | D:3      | Found an iron altar of Okawaru.
  2382 | D:3      | Became a worshipper of Warmaster Okawaru
  2396 | D:3      | Reached XP level 5. HP: 41/41 MP: 5/5
  2899 | D:3      | Found a glowing golden altar of the Shining One.
  2900 | D:3      | Found a white marble altar of Elyvilon.
  2902 | D:3      | Found a glowing silver altar of Zin.
  3092 | D:4      | Found a shadowy altar of Dithmenos.
  3097 | D:4      | Found a shimmering altar of Xom.
  3207 | D:4      | Found a shimmering blue altar of Sif Muna.
  3257 | D:4      | Found a staircase to the Ecumenical Temple.
  3601 | D:5      | Entered Level 5 of the Dungeon
  3768 | D:5      | Noticed Grinder
  3807 | D:5      | Paralysed by Grinder for 5 turns
  3825 | D:5      | Killed Grinder
  3825 | D:5      | Reached * piety under Okawaru
  3826 | D:5      | Reached skill level 7 in Polearms
  3826 | D:5      | Reached XP level 6. HP: 32/48 MP: 6/6
  4050 | D:5      | Reached XP level 7. HP: 47/53 MP: 4/7
  4063 | D:5      | Gained mutation: You have hidden genetic potential. [potion
                  | of mutation]
  4063 | D:5      | Gained mutation: Your magical capacity is low. (-10% MP)
                  | [potion of mutation]
  4343 | D:5      | Reached skill level 5 in Dodging
  4389 | D:5      | Reached skill level 8 in Polearms
  4553 | D:5      | Reached ** piety under Okawaru
  4554 | D:5      | Reached skill level 1 in Shields
  4618 | D:5      | Reached XP level 8. HP: 56/61 MP: 7/7
  4636 | D:5      | Gained mutation: You possess an exceptional clarity of
                  | mind. [hidden potential]
  4662 | D:5      | Reached skill level 9 in Polearms
  4890 | D:5      | Found a snail-covered altar of Cheibriados.
  4925 | D:5      | Noticed Ijyb
  4961 | D:5      | Killed Ijyb
  5373 | D:6      | Reached skill level 5 in Fighting
  5373 | D:6      | Reached skill level 10 in Polearms
  5373 | D:6      | Reached skill level 1 in Invocations
  5925 | D:6      | Reached *** piety under Okawaru
  5926 | D:6      | Reached skill level 11 in Polearms
  5926 | D:6      | Reached XP level 9. HP: 67/68 MP: 7/8
  5956 | D:6      | Gained mutation: You have supernaturally acute eyesight.
                  | (SInv) [hidden potential]
  5956 | D:6      | Lost mutation: You have hidden genetic potential. [hidden
                  | potential expressed]
  6040 | D:6      | Noticed a +0 hand axe
  6040 | D:6      | Noticed a +0 dagger
  6041 | D:6      | Found a hide-covered altar of Uskayaw.
  6229 | D:7      | Noticed Joseph
  6725 | D:7      | Killed Joseph
  6726 | D:7      | Reached skill level 12 in Polearms
  6897 | D:7      | Found a sparkling altar of Nemelex Xobeh.
  7135 | D:7      | Noticed Menkaure
  7331 | D:7      | Killed Menkaure
  7461 | D:7      | Reached skill level 5 in Armour
  7931 | D:7      | Reached skill level 5 in Shields
  8099 | D:7      | Found an opulent altar of Gozag.
  8206 | D:8      | Reached skill level 1 in Evocations
  8206 | D:8      | Quit the game

Illustrated notes

Levels and vault maps discovered:
D:1:      dpeg_arrival_round_c, layout_loops_ring, serial_shops, shop_fountains,
          basic_ecumenical_altar, minmay_misc_feat_iff, st_stairs_8
D:2:      minmay_roachtagon, layout_loops_cross, uniq_terence,
          uniq_crazy_yiuf_cottage
D:3:      layout_loops_ring, good_gods_temple_1,
          mainiacjoe_overflow_surrounded_room
D:4:      layout_basic, grunt_dithmenos_smoke_and_mirrors,
          lemuel_blue_sif_altar, mainiacjoe_overflow_boulevard,
          minmay_temple_entry_from_below_b, minmay_splitting_lines,
          kennysheep_decorative_pillar
D:5:      layout_loops_ring, slow_altar_1, dreamdust_mushroom_princess,
          mrwooster_statue_mirror, uniq_grinder, uniq_ijyb
D:6:      layout_loops_ring, dancing_weapons_uskayaw
D:7:      cheibrodos_helix_gallery, layout_loops_ring,
          mainiacjoe_overflow_tiny_flanked, nemelex_xobeh_ov_fountains_minmay,
          uniq_joseph, uniq_menkaure
D:8:      gammafunk_cloud_chamber, layout_basic

Skill      XL: |  1  2  3  4  5  6  7  8  9 |
---------------+----------------------------+-----
Polearms       | 5 6 7 8 11 12 | 12.0
Fighting       | 3 4 5 |  5.0
Armour         | 1 2 3 5 |  5.0
Dodging        | 5 |  5.0
Shields        | 1 5 |  5.0
Invocations    | 1 3 |  3.0
Throwing       | 3 |  3.0
Evocations     | 1 |  1.0

Action                     |  1- 3 |  4- 6 |  7- 9 || total
---------------------------+-------+-------+-------++-------
  Melee: Trident           |   158 |   164 |    50 ||   372
         Spear             |       |       |   483 ||   483
  Throw: Javelin           |     4 |     5 |       ||     9
         Throwing net      |     3 |       |     2 ||     5
         Stone             |       |     2 |    22 ||    24
 Invoke: Heroism           |       |     1 |     9 ||    10
    Use: Scroll            |       |     9 |     4 ||    13
         Potion            |       |     5 |    11 ||    16
   Stab: Sleeping          |     3 |     1 |     1 ||     5
         Held in net/web   |     1 |       |       ||     1
         Distracted        |       |       |     1 ||     1
 Armour: Leather armour    |    43 |    34 |    43 ||   120
         Skin              |       |       |    12 ||    12
  Dodge: Dodged            |    66 |    72 |   196 ||   334
  Block: Buckler           |     2 |    19 |    67 ||    88
